 Dungeon Sprint DCSS version 0.20-b1-18-gaa2fd62 (webtiles) character file.

1480 potatolord6000 the Fighter (level 8, 0/85 HPs)
             Began as a Minotaur Gladiator on May 25, 2017.
             Was an Initiate of Gozag.
             Slain by a manticore (4 damage)
             ... in the Dungeon (Sprint IX: "|||||||||||||||||||||||||||||").
             The game lasted 00:01:53 (436 turns).

potatolord6000 the Fighter (Minotaur Gladiator)      Turns: 436, Time: 00:01:54

Health: 0/85       AC: 11    Str: 21    XL:     8   Next: 50%
Magic:  7/7        EV: 16    Int: 11    God:    Gozag
Gold:   468        SH:  0    Dex: 12    Spells: 7/7 levels left

rFire    . . .     SeeInvis .   n - +4 quarterstaff (speed)
rCold    . . .     Gourm    .   (shield currently unavailable)
rNeg     . . .     Faith    .   o - +1 scale mail
rPois    .         Spirit   .   c - +0 hat
rElec    .         Reflect  .   (no cloak)
rCorr    .         Harm     .   (no gloves)
MR       .....     NoTele   +   a - +0 pair of boots
Stlth    ..........             (no amulet)
Regen    0.3/turn               b - +3 ring of intelligence
MPRegen  0.1/turn               p - +3 ring of intelligence

@: lethally poisoned (0 -> 0), gold aura
A: retaliatory headbutt, horns 2
a: Potion Petition, Call Merchant, Bribe Branch, Renounce Religion


You were in the Dungeon.
You worshipped Gozag.
Gozag was aware of your devotion.
You were not hungry.

You visited 1 branch You collected 468 gold pieces.

Inventory:

Hand Weapons
 n - a +4 quarterstaff of speed (weapon)
Armour
 a - a +0 pair of boots (worn)
 c - a +0 hat (worn)
 o - a +1 scale mail (worn)
Jewellery
 b - a +3 ring of intelligence (left hand)
 p - a +3 ring of intelligence (right hand)
Scrolls
 k - 2 scrolls of blinking
 l - 3 scrolls of remove curse
 m - 2 scrolls of amnesia
Potions
 d - a potion of invisibility
 e - 5 potions of curing
 i - 4 potions of magic
 j - a potion of berserk rage
Comestibles
 f - a bread ration


   Skills:
 + Level 12.8 Fighting
   Level 5.7 Axes
 - Level 2.0 Throwing
 + Level 12.5 Armour
 + Level 12.0 Dodging


You had 7 spell levels left.
You didn't know any spells.

Dungeon Overview and Level Annotations

Branches:
Dungeon (1/1)

Altars:
Cheibriados
Dithmenos
Elyvilon
Fedhas
Gozag
Hepliaklqana
Kikubaaqudgha
Makhleb
Nemelex Xobeh
Okawaru
Qazlal
Ru
Sif Muna
Trog
Uskayaw
Vehumet
Xom
Yredelemnul
Zin
The Shining One
Beogh
Jiyva
Lugonu


Innate Abilities, Weirdness & Mutations

You reflexively headbutt those who attack you in melee.
You have a pair of horns on your head.


Message History

You hit the wraith but do no damage. You headbutt the wraith!
The wraith is severely damaged.
You feel sick.
You thump the wraith!
You destroy the wraith!
Your Dodging skill increases to level 12!
Unknown command.
You thump the manticore!
The manticore is moderately wounded.
The manticore bites you!
* * * LOW HITPOINT WARNING * * *
The manticore barely misses you. The manticore claws you.
* * * LOW HITPOINT WARNING * * *
You barely miss the manticore.
The manticore is moderately wounded.
The manticore bites you!
* * * LOW HITPOINT WARNING * * *
The manticore claws you.
You die...
Your body crumbles into a pile of gold. ▓▓▓▓▓▓▓▓▓▓▓▓▓▓▓▓▓▓▓▓▓▓ +..hH@$'.....))..[[.)/ ▓▓▓▓▓▓▓▓▓▓▓▓▓▓▓▓▓▓▓▓▓▓ $ $ $$$$$ $ $ $ $$

You could see a manticore and a hound.

Vanquished Creatures
  A two-headed ogre (D)
  A komodo dragon (D)
  A wraith (D)
  A vampire mosquito (D)
  A black bear (D)
  2 scorpions (D)
  A wight (D)
  A jelly (D)
  A hound (D)
  An iguana (D)
  A shadow imp (D)
  2 leopard geckos (D)
  An orc (D)
  A hobgoblin (D)
  2 bats (D)
  2 frilled lizards (D)
20 creatures vanquished.

Notes
Turn   | Place    | Note
-------+----------+-------------------------------------------
     0 | D        | potatolord6000 the Minotaur Gladiator began the quest for the Orb.
     0 | D        | Reached XP level 1. HP: 18/18 MP: 0/0
    10 | D        | Reached skill level 1 in Armour
   208 | D        | Noticed a scorpion
   210 | D        | Killed a scorpion
   210 | D        | Reached skill level 5 in Fighting
   210 | D        | Reached skill level 5 in Axes
   210 | D        | Reached skill level 5 in Dodging
   210 | D        | Reached XP level 2. HP: 26/29 MP: 1/1
   210 | D        | Reached XP level 3. HP: 32/36 MP: 2/2
   222 | D        | Found a roughly hewn altar of Beogh.
   222 | D        | Found a snail-covered altar of Cheibriados.
   222 | D        | Found a shadowy altar of Dithmenos.
   222 | D        | Found a white marble altar of Elyvilon.
   222 | D        | Found a blossoming altar of Fedhas.
   222 | D        | Found an opulent altar of Gozag.
   223 | D        | Found a hazy altar of Hepliaklqana.
   224 | D        | Found a viscous altar of Jiyva.
   225 | D        | Found an ancient bone altar of Kikubaaqudgha.
   226 | D        | Found a corrupted altar of Lugonu.
   227 | D        | Found a burning altar of Makhleb.
   228 | D        | Found a sparkling altar of Nemelex Xobeh.
   229 | D        | Found an iron altar of Okawaru.
   230 | D        | Became a worshipper of Gozag Ym Sagoz the Greedy
   231 | D        | Found a stormy altar of Qazlal.
   232 | D        | Found a sacrificial altar of Ru.
   233 | D        | Found a deep blue altar of Sif Muna.
   234 | D        | Found a bloodstained altar of Trog.
   235 | D        | Found a hide-covered altar of Uskayaw.
   236 | D        | Found a radiant altar of Vehumet.
   238 | D        | Found a shimmering altar of Xom.
   239 | D        | Found a basalt altar of Yredelemnul.
   240 | D        | Found a glowing silver altar of Zin.
   241 | D        | Found a glowing golden altar of the Shining One.
   356 | D        | Noticed a black bear
   356 | D        | Noticed a two-headed ogre
   358 | D        | Reached skill level 5 in Armour
   358 | D        | Reached XP level 4. HP: 32/44 MP: 3/3
   366 | D        | Reached XP level 5. HP: 29/51 MP: 4/4
   376 | D        | Killed a two-headed ogre
   376 | D        | Reached skill level 10 in Dodging
   376 | D        | Reached XP level 6. HP: 31/68 MP: 5/5
   376 | D        | Reached XP level 7. HP: 34/74 MP: 6/6
   404 | D        | Noticed a manticore
   404 | D        | Noticed a wraith
   404 | D        | Noticed a vampire mosquito
   404 | D        | Noticed a komodo dragon
   418 | D        | Killed a komodo dragon
   418 | D        | Reached XP level 8. HP: 44/83 MP: 7/7
   436 | D        | HP: 4/85 [manticore (14)]
   436 | D        | Slain by a manticore

Skill      XL: |  1  2  3  4  5  6  7  8 |
---------------+-------------------------+-----
Fighting       | 5 6 11 12 | 12.8
Armour         | 3 5 6 11 12 | 12.5
Axes           | 5 |  5.7
Dodging        | 5 6 10 11 12 | 12.0
Throwing       | |  2.0

Action                   |  1- 3 |  4- 6 |  7- 9 || total
-------------------------+-------+-------+-------++-------
Melee: War axe           |    19 |       |       ||    19
       Headbutt          |     3 |     3 |     7 ||    13
       Quarterstaff      |     2 |    14 |    35 ||    51
  Use: Potion            |       |     3 |     1 ||     4
 Stab: Distracted        |       |       |     1 ||     1
Armor: Leather armour    |     3 |       |       ||     3
       Scale mail        |       |     1 |     2 ||     3
Dodge: Dodged            |    15 |     8 |    19 ||    42
